 Dungeon Crawl Stone Soup version 0.21-a0-297-ga3d34c2 (webtiles) character file.

30280 Hasart the Blocker (level 13, -1/103 HPs)
             Began as a Gnoll Fighter on Sept 28, 2017.
             Was a Priest of Ashenzari.
             Slain by a fire dragon (6 damage)
             ... in a volcano.
             The game lasted 00:38:18 (14859 turns).

Hasart the Blocker (Gnoll Fighter)                 Turns: 14859, Time: 00:38:20

Health: -1/103     AC: 26    Str: 20    XL:     13   Next: 50%
Magic:  25/25      EV: 12    Int: 19    God:    Ashenzari [***...]
Gold:   783        SH: 19    Dex: 19    Spells: 29/29 levels left

rFire    + . .     SeeInvis +   a - +3 long sword (curse)
rCold    . . .     Gourm    .   q - +0 large shield (curse)
rNeg     . . .     Faith    .   u - +5 plate armour "Giupta" {rElec MR- rCorr SInv} (curse)
rPois    .         Spirit   .   (no helmet)
rElec    +         Reflect  .   o - +0 cloak
rCorr    +         Harm     .   (no gloves)
MR       .....                  M - +1 pair of boots "Qibor" {rF+ rCorr Dex+4} (curse)
Stlth    ..........             (no amulet)
HPRegen  0.27/turn              l - +4 ring of evasion
MPRegen  0.19/turn              C - +3 ring of protection

@: brilliant, hasted, very quick
A: distributed training, fangs 1, blink, wild magic 1, strong nose
a: Blink, Curse Item, Scrying, Renounce Religion


You were in a volcano.
You worshipped Ashenzari.
Ashenzari was most pleased with you.
You were hungry.

You visited 4 branches of the dungeon, and saw 16 of its levels.
You also visited: Sewer, Ossuary and Volcano.

You collected 992 gold pieces.
You spent 209 gold pieces at shops.

Inventory:

Hand Weapons
 a - a cursed +3 long sword (weapon)
 N - the +6 flail "Spiderbane" {venom, MP+9}
   (You found it on level 13 of the Dungeon)

   It poisons the flesh of those it strikes.
   It affects your magic capacity (+9).
Missiles
 P - 3 steel tomahawks (quivered)
Armour
 o - a +0 cloak (worn)
 q - a cursed +0 large shield (worn)
 u - the cursed +5 plate armour "Giupta" (worn) {rElec MR- rCorr SInv}
   (You found it on level 4 of the Dungeon)

   It insulates you from electricity.
   It affects your resistance to hostile enchantments.
   It lets you see invisible.
   It protects you from acid and corrosion.
   It has a curse placed upon it.
 M - the cursed +1 pair of boots "Qibor" (worn) {rF+ rCorr Dex+4}
   (You bought it in a shop on level 10 of the Dungeon)

   It affects your dexterity (+4).
   It protects you from fire.
   It protects you from acid and corrosion.
   It has a curse placed upon it.
Jewellery
 b - an uncursed ring of stealth
 l - a +4 ring of evasion (left hand)
 w - a +2 ring of intelligence
 C - a +3 ring of protection (right hand)
 D - an uncursed ring of fire
 H - a +3 ring of strength
 R - a +4 ring of dexterity
 S - an uncursed ring of poison resistance
 V - a cursed amulet of guardian spirit
Wands
 k - a wand of random effects (37/48)
 n - a wand of iceblast (5/15)
 A - a wand of lightning (7/15)
 J - a wand of paralysis (18/24)
 O - a wand of confusion (12/48)
Scrolls
 h - 5 scrolls of teleportation
 m - 8 scrolls of identify
 p - 2 scrolls of enchant armour
 s - 3 scrolls of recharging
 v - 2 scrolls of magic mapping
 E - a scroll of fear
 T - 3 scrolls of remove curse
Potions
 c - 3 potions of haste
 e - 2 potions of mutation
 g - a potion of flight
 x - 8 potions of curing
 z - a potion of cancellation
 L - a potion of brilliance
Books
 d - a book of Power

   Spells                             Type                      Level
   a - Iskenderun's Battlesphere      Conjuration/Charms           5
   b - Venom Bolt                     Conjuration/Poison           5
   c - Bolt of Magma                  Conjuration/Fire/Earth       5
   d - Iron Shot                      Conjuration/Earth            6
   e - Orb of Destruction             Conjuration                  7
   f - Spellforged Servitor           Conjuration/Summoning        7
 I - a book of Geomancy

   Spells                             Type                      Level
   a - Sandblast                      Earth                        1
   b - Passwall                       Transmutation/Earth          2
   c - Stone Arrow                    Conjuration/Earth            3
   d - Petrify                        Transmutation/Earth          4
   e - Lee's Rapid Deconstruction     Earth                        5
Miscellaneous
 Q - a lightning rod (4/4)
Comestibles
 f - 8 bread rations
 i - 7 royal jellies
 j - 4 chunks of flesh
 t - 9 meat rations
 K - 4 fruits


   Skills:
 + Level 10.0 Fighting
 + Level 7.9 Short Blades
 + Level 9.7(12.4) Long Blades
 + Level 8.1 Axes
 + Level 7.3 Maces & Flails
 + Level 7.7 Polearms
 + Level 7.4 Staves
 + Level 8.0 Slings
   Level 6.7 Bows
 + Level 8.2 Crossbows
 + Level 7.6 Throwing
 + Level 10.3 Armour
 + Level 7.4 Dodging
 + Level 7.2 Stealth
   Level 0.0 Stabbing
 + Level 10.5(12.2) Shields
   Level 0.0 Traps
 + Level 8.8 Unarmed Combat
 + Level 8.7 Spellcasting
 + Level 8.3 Conjurations
 + Level 7.8 Hexes
 + Level 9.2 Charms
 + Level 6.7 Summonings
 + Level 8.0 Necromancy
 + Level 8.2 Translocations
 + Level 7.9 Transmutations
 + Level 8.0 Fire Magic
 + Level 7.7 Ice Magic
 + Level 7.9 Air Magic
 + Level 7.6 Earth Magic
 + Level 7.5 Poison Magic
 + Level 8.6 Invocations
 + Level 8.3 Evocations


You had 29 spell levels left.
You didn't know any spells.

Dungeon Overview and Level Annotations

Branches:
Dungeon (13/15)            Temple (1/1) D:5            Lair (1/6) D:9
    Orc (1/2) D:9          Vaults (0/5) D:13

Altars:
Ashenzari
Dithmenos
Elyvilon
Gozag
Hepliaklqana
Makhleb
Nemelex Xobeh
Ru
Trog
Uskayaw
Vehumet
Wu Jian
Xom
Yredelemnul
Zin
The Shining One

Shops:
D:10 [   D:11 %(


Innate Abilities, Weirdness & Mutations

Your experience applies equally to all skills.
You have very sharp teeth.
Your uncanny sense of smell can sniff out nearby items.
You can translocate small distances at will.
Your spells are a little harder to cast, but a little more powerful.


Message History

You completely miss the two-headed ogre.
The two-headed ogre is almost dead.
The fire dragon bites you but does no damage.
You block the fire dragon's attack. The fire dragon closely misses you.
Your shield and plate armour "Giupta" prevent you from hitting the two-headed ogre.
The two-headed ogre is almost dead.
You block the fire dragon's attack. x2
The fire dragon tramples you but does no damage.
You hit the two-headed ogre.
The two-headed ogre is almost dead.
You block the two-headed ogre's attack.
The two-headed ogre hits you with a giant spiked club!
* * * LOW HITPOINT WARNING * * *
Unknown command.
Your shield and plate armour "Giupta" prevent you from hitting the two-headed ogre.
The two-headed ogre is almost dead.
The fire dragon bites you but does no damage.
The fire dragon claws you but does no damage.
The fire dragon tramples you.
You die...

##≈≈≈≈≈≈≈≈≈≈≈≈♣♣♣..♣♣. ♣♣≈#*
##≈§≈§§≈≈≈≈≈≈§≈§§♣♣....♣♣§§§#
#§≈§§≈≈≈§≈≈≈≈≈§§≈§♣♣♣P..§§§§# *
#≈§≈≈≈≈≈≈≈≈≈≈≈≈≈§≈§≈♣♣...≈§≈# ##.
#≈§≈≈§§P♣.P.♣≈≈≈≈§§≈≈≈...§≈≈♣.P.P
≈§≈≈≈§........≈≈≈≈≈≈≈≈≈♣..♣≈P...#
§≈§≈≈P...).P.P.P≈≈≈§≈≈....§§..P#
≈§≈§♣..♣♣.P♣....♣≈≈≈≈.♣....§§P♣#
≈≈≈≈...♣...§≈P§.@..P♣....P§§§≈≈§≈
§≈≈..P.♣♣.≈§§§♣PDO♣..P..♣≈≈§§§≈§≈
§≈≈P.....P.≈§≈♣♣.......♣♣≈≈≈≈§≈≈≈
≈≈P...♣...§♣≈≈≈♣♣♣)♣..♣♣≈≈≈≈≈≈§≈≈
§≈♣P.P......≈≈≈§≈♣♣♣♣♣♣≈≈≈§§≈§§≈≈
§≈♣♣P..♣♣....≈≈≈≈≈≈≈§≈§§≈≈♣♣♣♣♣♣
≈≈♣♣♣♣♣♣♣...♣≈§§§≈≈§≈≈≈≈≈♣♣.P♣♣♣♣
§§♣P♣♣♣♣..♣.♣≈§§§≈≈≈§§♣≈..P...♣[P
≈≈..........♣≈§§≈≈§≈§♣♣.♣...♣P...


You could see a fire dragon and a two-headed ogre.

Vanquished Creatures
  A vault guard (D:13)
  8 two-headed ogres
  A tengu warrior (D:9)
  An unseen horror (D:10)
  An orc knight (D:9)
  Pikel (D:8)
  7 ugly things
  An orc sorcerer (D:9)
  3 salamanders (Volcano)
  3 cyclopes
  A gargoyle (D:12)
  2 yaktaurs
  A komodo dragon (D:12)
  A troll (shapeshifter) (D:13)
  2 trolls
  2 hornets
  4 hippogriffs
  Sigmund (D:6)
  28 yaks
  12 fire bats
  A water elemental (D:10)
  A human (D:10)
  A wraith (D:12)
  A basilisk (shapeshifter) (D:13)
  A basilisk (D:9)
  A steam dragon (Volcano)
  2 hogs (D:11)
  2 hungry ghosts
  A wyvern (Volcano)
  A soldier ant (D:13)
  A water moccasin (D:8)
  4 porcupines (D:9)
  Purgy (Sewer)
  6 orc warriors
  3 black bears
  A hornet zombie (D:10)
  2 sky beasts
  7 ogres
  3 ice beasts
  3 phantoms
  5 centaurs
  6 crocodiles
  4 bullfrogs
  A wyvern zombie (D:10)
  5 scorpions
  6 wights
  6 electric eels (D:11)
  2 howler monkeys
  4 crimson imps
  2 bullfrog zombies
  2 centaur zombies
  A jelly (D:13)
  An orc priest (D:7)
  5 centaur skeletons
  5 hounds
  4 iguanas
  6 orc wizards
  9 worker ants
  2 big kobold zombies (Ossuary)
  3 hound zombies
  2 hound skeletons
  5 mummies (Ossuary)
  A worker ant zombie (D:10)
  10 gnolls
  8 adders
  4 shadow imps
  An ooze (D:3)
  An adder skeleton (D:4)
  A dart slug (D:2)
  3 worms (D:2)
  8 leopard geckos
  42 orcs
  A ball python (Sewer)
  5 giant cockroaches
  4 hobgoblins
  8 jackals
  10 kobolds
  7 quokkas
  10 bats
  8 frilled lizards
  7 goblins
  4 kobold zombies (Ossuary)
  2 orc zombies (Ossuary)
  3 quokka zombies (D:5)
  6 rats
  A plant (Volcano)
365 creatures vanquished.

Vanquished Creatures (others)
  A wyvern (Volcano)
  A steam dragon (Volcano)
  2 bushes (D:9)
  3 fungi (D:9)
  56 plants
63 creatures vanquished.

Grand Total: 428 creatures vanquished

Notes
Turn   | Place    | Note
-------+----------+-------------------------------------------
     0 | D:1      | Hasart the Gnoll Fighter began the quest for the Orb.
     0 | D:1      | Reached XP level 1. HP: 23/23 MP: 1/1
   432 | D:1      | Reached XP level 2. HP: 28/29 MP: 3/3
   589 | D:2      | Reached skill level 1 in Slings
   636 | D:2      | Reached skill level 1 in Short Blades
   636 | D:2      | Reached skill level 1 in Maces & Flails
   660 | D:2      | Found a radiant altar of Vehumet.
   705 | D:2      | Reached XP level 3. HP: 35/35 MP: 4/4
   714 | D:2      | Reached skill level 1 in Hexes
   788 | D:2      | Reached skill level 1 in Transmutations
   790 | D:2      | Reached skill level 1 in Air Magic
   845 | D:2      | Reached skill level 1 in Crossbows
   888 | D:2      | Reached skill level 1 in Unarmed Combat
   939 | D:2      | Reached skill level 1 in Summonings
   939 | D:2      | Reached skill level 1 in Necromancy
   939 | D:2      | Reached XP level 4. HP: 41/41 MP: 5/5
  1471 | D:3      | Reached skill level 1 in Spellcasting
  1787 | D:3      | Reached skill level 1 in Fire Magic
  1935 | D:4      | Reached skill level 1 in Conjurations
  1935 | D:4      | Reached XP level 5. HP: 44/47 MP: 6/6
  1972 | D:4      | Reached skill level 5 in Long Blades
  1972 | D:4      | Reached skill level 1 in Throwing
  1991 | D:4      | Reached skill level 1 in Charms
  1991 | D:4      | Reached skill level 1 in Ice Magic
  1991 | D:4      | Reached skill level 1 in Poison Magic
  2049 | D:4      | Noticed a phantom
  2059 | D:4      | Killed a phantom
  2059 | D:4      | Reached skill level 1 in Polearms
  2059 | D:4      | Reached skill level 1 in Bows
  2059 | D:4      | Reached skill level 1 in Translocations
  2059 | D:4      | Reached skill level 1 in Evocations
  2059 | D:4      | Reached XP level 6. HP: 41/53 MP: 7/9
  2082 | D:4      | Found an ornate altar of the Wu Jian Council.
  2087 | D:4      | Reached skill level 1 in Invocations
  2285 | D:4      | Reached skill level 1 in Axes
  2306 | D:4      | Reached skill level 1 in Stealth
  2306 | D:4      | Reached XP level 7. HP: 51/59 MP: 10/10
  2436 | D:4      | Got a steaming plate armour
  2447 | D:4      | Identified the +5 plate armour "Giupta" {rElec MR- rCorr SInv} (You found it on level 4 of the Dungeon)
  2587 | D:5      | Entered Level 5 of the Dungeon
  2594 | D:5      | Reached skill level 1 in Staves
  2594 | D:5      | Reached skill level 1 in Earth Magic
  2653 | D:5      | Reached skill level 1 in Dodging
  2709 | D:5      | Reached XP level 8. HP: 59/65 MP: 11/11
  2841 | D:5      | Found a burning altar of Makhleb.
  3012 | D:5      | Found a staircase to the Ecumenical Temple.
  3017 | Temple   | Entered the Ecumenical Temple
  3051 | Temple   | Became a worshipper of Ashenzari the Shackled
  3144 | D:6      | Noticed Sigmund
  3159 | D:6      | Killed Sigmund
  3295 | D:6      | Found a glowing drain.
  3310 | Sewer    | Entered a sewer
  3335 | Sewer    | Noticed Purgy
  3348 | Sewer    | Killed Purgy
  3578 | D:6      | Noticed a cyclops
  3595 | D:6      | Killed a cyclops
  3595 | D:6      | Reached XP level 9. HP: 68/72 MP: 13/13
  4616 | D:7      | Found a sand-covered staircase.
  4621 | Ossuary  | Entered an ossuary
  4766 | Ossuary  | Reached skill level 5 in Unarmed Combat
  5102 | D:7      | Found a hide-covered altar of Uskayaw.
  5515 | D:8      | Found a glowing golden altar of the Shining One.
  5724 | D:8      | Reached skill level 5 in Necromancy
  5745 | D:8      | Reached skill level 5 in Translocations
  5809 | D:8      | Reached * piety under Ashenzari
  5861 | D:8      | Noticed a two-headed ogre
  5875 | D:8      | Killed a two-headed ogre
  5875 | D:8      | Reached skill level 5 in Poison Magic
  5875 | D:8      | Reached XP level 10. HP: 62/80 MP: 14/16
  6010 | D:8      | Noticed Pikel
  6028 | D:8      | Reached skill level 5 in Slings
  6028 | D:8      | Reached skill level 5 in Invocations
  6044 | D:8      | Killed Pikel
  6044 | D:8      | Reached skill level 5 in Charms
  6044 | D:8      | Reached skill level 5 in Fire Magic
  6044 | D:8      | Reached skill level 5 in Ice Magic
  6172 | D:8      | Reached skill level 5 in Transmutations
  6449 | D:9      | Reached skill level 5 in Crossbows
  6606 | D:9      | Noticed a tengu warrior
  6635 | D:9      | Gained mutation: Your spells are a little harder to cast, but a little more powerful. [potion of mutation]
  6635 | D:9      | Gained mutation: You can translocate small distances at will. [potion of mutation]
  6656 | D:9      | Killed a tengu warrior
  6656 | D:9      | Reached skill level 5 in Dodging
  6656 | D:9      | Reached skill level 5 in Spellcasting
  6954 | D:9      | Reached skill level 5 in Conjurations
  7060 | D:9      | Noticed a two-headed ogre
  7077 | D:9      | Killed a two-headed ogre
  7077 | D:9      | Reached skill level 5 in Short Blades
  7077 | D:9      | Reached skill level 5 in Axes
  7077 | D:9      | Reached skill level 5 in Maces & Flails
  7077 | D:9      | Reached skill level 5 in Hexes
  7077 | D:9      | Reached skill level 5 in Air Magic
  7077 | D:9      | Reached skill level 5 in Earth Magic
  7077 | D:9      | Reached skill level 5 in Evocations
  7252 | D:9      | Found a staircase to the Lair.
  7278 | D:9      | Reached skill level 5 in Summonings
  7287 | D:9      | Reached skill level 5 in Throwing
  7296 | D:9      | Reached skill level 5 in Staves
  7308 | D:9      | Reached skill level 5 in Polearms
  7324 | D:9      | Reached XP level 11. HP: 72/87 MP: 18/18
  8011 | D:9      | Found a staircase to the Orcish Mines.
  8401 | D:10     | Entered Level 10 of the Dungeon
  8451 | D:10     | Reached skill level 5 in Stealth
  8503 | D:10     | Found Viagal's Antique Armour Shoppe.
  8506 | D:10     | Bought a pair of smoking boots for 209 gold pieces
  8516 | D:10     | Identified the +1 pair of boots "Qibor" {rF+ rCorr Dex+4} (You bought it in a shop on level 10 of the Dungeon)
  8641 | D:10     | Noticed a two-headed ogre
  8655 | D:10     | Killed a two-headed ogre
  8899 | D:10     | Noticed an unseen horror
  8914 | D:10     | Killed an unseen horror
  8991 | D:10     | Paralysed by a hornet for 2 turns
  9181 | D:10     | Reached ** piety under Ashenzari
  9489 | D:11     | Noticed a two-headed ogre
  9503 | D:11     | Killed a two-headed ogre
  9503 | D:11     | Reached skill level 5 in Bows
  9509 | D:11     | Found Muxibys's Weapon Emporium.
  9605 | D:11     | Noticed a purple ugly thing
  9607 | D:11     | Noticed a red ugly thing
  9644 | D:10     | Killed a purple ugly thing
  9674 | D:10     | Killed a red ugly thing
  9944 | D:11     | Reached XP level 12. HP: 63/95 MP: 21/21
 10171 | D:11     | Noticed a two-headed ogre
 10185 | D:11     | Killed a two-headed ogre
 10236 | D:11     | Found Fagak's Food Emporium.
 11399 | D:12     | Reached skill level 10 in Shields
 11689 | D:12     | Paralysed by a hornet for 2 turns
 12121 | D:13     | Identified the +6 flail "Spiderbane" {venom, MP+9}
 12147 | D:13     | Found a gate to the Vaults.
 12147 | D:13     | Noticed a vault guard
 12149 | D:13     | Noticed a two-headed ogre
 12157 | D:13     | Killed a two-headed ogre
 12414 | D:13     | Found a sparkling altar of Nemelex Xobeh.
 12619 | D:13     | Found a glowing golden altar of the Shining One.
 12741 | D:13     | Killed a vault guard
 12741 | D:13     | Reached skill level 10 in Armour
 12747 | D:13     | Reached XP level 13. HP: 83/102 MP: 25/25
 12936 | D:13     | Reached *** piety under Ashenzari
 13363 | Orc:1    | Entered Level 1 of the Orcish Mines
 13368 | Orc:1    | Paralysed by an orc sorcerer for 6 turns
 13393 | D:9      | HP: 3/103 [orc knight/vampiric great sword (23)]
 13420 | D:9      | HP: 1/103 [orc knight/vampiric great sword (12)]
 13884 | Lair:1   | Entered Level 1 of the Lair of Beasts
 13900 | Lair:1   | Found a dark tunnel.
 13916 | Volcano  | Entered a volcano
 14239 | Volcano  | Reached skill level 10 in Fighting
 14797 | Volcano  | Noticed a fire dragon
 14858 | Volcano  | HP: 5/103 [two-headed ogre/giant spiked club (9)]
 14859 | Volcano  | Slain by a fire dragon

Vault maps used:
D:1:      dpeg_arrival_lava_temple_mockup
D:2:      nicolae_overflow_crystal_walls, serial_forest,
          infiniplex_forest_zigzag_2, infiniplex_forest_lined_corner,
          infiniplex_forest_side_room, infiniplex_forest_clump_large,
          infiniplex_forest_diagonal, infiniplex_forest_straight_3,
          infiniplex_forest_zigzag_1, first_bread, lexackson_kobold_supper
D:4:      lemuel_doored_altar
D:5:      lemuel_crystal_altar, minmay_temple_entry_glassed_door
D:6:      portal_sewer_entry_d, columned_hall_lemuel, uniq_sigmund
D:7:      lemuel_crystal_altar, nicolae_ossuary_entry_plus
D:8:      basic_altar, uniq_pikel
D:9:      minmay_lair_entry_grove, orc_0_dummy
D:10:     serial_shops, nicolae_shop_behind_doors
D:11:     serial_shops, shop, shop_statue, grunt_livestock
D:12:     grunt_ministairs_15
D:13:     david_vaults_5, minmay_strange_pillars, grunt_ministairs_8,
          hangedman_feature_mirror
Temple:   regret_index_temple_mists
Lair:1:   basic_altar, nicolae_volcano_entry_batcave, minivault_19,
          cheibrodos_lair_lostbears, serial_bayou_shore_b, uniq_grum, uniq_erica
Orc:1:    special_room, serial_shops, nicolae_shop_statue_plus
Sewer:    sewer_co_purgy_island
Ossuary:  ossuary_crypta
Volcano:  pf_volcano_lost_world

Skill      XL: |  1  2  3  4  5  6  7  8  9 10 11 12 13 |
---------------+----------------------------------------+-----
Slings         | 1 2 3 4 5 6 7 8 |  8.0
Short Blades   | 1 2 3 4 5 6 7 |  7.9
Maces & Flails | 1 2 3 4 5 6 7 |  7.3
Hexes          | 1 2 3 4 5 6 7 |  7.8
Transmutations | 1 2 3 4 5 6 7 |  7.9
Air Magic      | 1 2 3 4 5 6 7 |  7.9
Crossbows      | 1 2 3 4 5 6 7 8 |  8.2
Unarmed Combat | 1 2 3 4 5 6 7 8 |  8.8
Summonings     | 1 2 3 4 5 6 |  6.7
Necromancy     | 1 2 3 4 5 6 7 8 |  8.0
Shields        | 7 8 9 10 | 10.5
Spellcasting   | 1 2 3 4 5 6 8 |  8.7
Fire Magic     | 1 2 3 4 5 6 7 8 |  8.0
Conjurations   | 1 2 4 5 6 7 8 |  8.3
Long Blades    | 5 6 7 8 9 |  9.7
Throwing       | 1 2 3 4 5 7 |  7.6
Charms         | 1 2 3 4 5 7 8 9 |  9.2
Ice Magic      | 1 2 3 4 5 6 7 |  7.7
Poison Magic   | 2 3 5 6 7 |  7.5
Polearms       | 1 2 3 5 6 7 |  7.7
Bows           | 1 2 3 5 6 |  6.7
Armour         | 7 8 9 10 | 10.3
Translocations | 1 2 3 4 5 6 7 8 |  8.2
Evocations     | 1 2 3 4 5 6 7 8 |  8.3
Invocations    | 2 3 4 5 7 8 |  8.6
Axes           | 2 3 4 5 6 7 8 |  8.1
Stealth        | 1 2 3 4 5 6 7 |  7.2
Staves         | 1 2 3 5 6 7 |  7.4
Earth Magic    | 2 3 4 5 6 7 |  7.6
Dodging        | 1 3 4 5 6 7 |  7.4
Fighting       | 7 8 9 10 | 10.0

Action                   |  1- 3 |  4- 6 |  7- 9 | 10-12 | 13-15 || total
-------------------------+-------+-------+-------+-------+-------++-------
Melee: Long sword        |    84 |   150 |   472 |  1165 |   432 ||  2303
       Bite              |     7 |    21 |    71 |   219 |    94 ||   412
Invok: Curse Item        |       |       |     1 |     3 |       ||     4
Evoke: Wand              |       |       |       |     1 |       ||     1
  Use: Scroll            |       |       |    13 |     4 |     1 ||    18
       Potion            |       |       |     2 |     4 |    13 ||    19
 Stab: Distracted        |       |       |     1 |     1 |       ||     2
       Invisible         |       |       |       |       |     9 ||     9
  Eat: Chunk             |       |     5 |    16 |    22 |     7 ||    50
       Royal jelly       |       |       |     1 |     1 |       ||     2
       Fruit             |       |       |       |     1 |       ||     1
Armor: Scale mail        |    32 |    49 |       |       |       ||    81
       Plate armour      |       |       |   171 |   396 |   124 ||   691
       Skin              |       |       |       |    14 |       ||    14
Dodge: Dodged            |    36 |    53 |   106 |   273 |   116 ||   584
Block: Shield            |    19 |       |       |       |       ||    19
       Large shield      |    49 |   131 |   405 |   940 |   349 ||  1874
       Rpst.: Long sword |    12 |    21 |    27 |    69 |    28 ||   157

Table legend:
 A = Spawn XP
 B = Non-spawn XP
 C = Spawn XP percentage of total XP
 D = Spawn monster count
 E = Non-spawn monster count
 F = Spawn count percentage of total count
 G = Total turns spent on level
                    A         B        C        D         E        F      G
               +---------+---------+-------+---------+---------+-------+---------
         Total |       0 |   43258 |   0.0 |       0 |     364 |   0.0 | 14859
               +---------+---------+-------+---------+---------+-------+---------
           D:1 |       0 |      14 |   0.0 |       0 |       9 |   0.0 |   564
           D:2 |       0 |      79 |   0.0 |       0 |      29 |   0.0 |   715
           D:3 |       0 |      52 |   0.0 |       0 |      24 |   0.0 |   642
           D:4 |       0 |     562 |   0.0 |       0 |      17 |   0.0 |   666
           D:5 |       0 |     671 |   0.0 |       0 |      17 |   0.0 |   468
           D:6 |       0 |    1069 |   0.0 |       0 |      19 |   0.0 |  1010
           D:7 |       0 |     666 |   0.0 |       0 |      13 |   0.0 |   907
           D:8 |       0 |    2316 |   0.0 |       0 |      16 |   0.0 |   959
           D:9 |       0 |    7491 |   0.0 |       0 |      45 |   0.0 |  2509
          D:10 |       0 |    4607 |   0.0 |       0 |      28 |   0.0 |  1212
          D:11 |       0 |    3820 |   0.0 |       0 |      26 |   0.0 |   865
          D:12 |       0 |    8010 |   0.0 |       0 |      44 |   0.0 |  1648
          D:13 |       0 |    6904 |   0.0 |       0 |      31 |   0.0 |  1198
        Lair:1 |       0 |     603 |   0.0 |       0 |       3 |   0.0 |    32
         Sewer |       0 |     161 |   0.0 |       0 |       8 |   0.0 |   203
       Ossuary |       0 |     148 |   0.0 |       0 |      13 |   0.0 |   253
       Volcano |       0 |    6085 |   0.0 |       0 |      22 |   0.0 |   943
               +---------+---------+-------+---------+---------+-------+---------
